 Dungeon Crawl Stone Soup version 0.28.0 (webtiles) character file.

Game seed: 11663879985405221125

23 Host24 the Bolt Thrower (level 3, -12/23 HPs)
             Began as a Kobold Hunter on Feb 20, 2022.
             Mangled by a gnoll (19 damage)
             ... on level 2 of the Dungeon.
             The game lasted 00:02:05 (1543 turns).

Host24 the Bolt Thrower (Kobold Hunter)             Turns: 1543, Time: 00:02:06

Health: -12/23     AC:  3    Str: 11    XL:     3   Next: 10%
Magic:  3/3        EV: 14    Int: 12    God:
Gold:   83         SH:  0    Dex: 15    Spells: 2/2 levels left

rFire   . . .      SeeInvis .   a - +1 hand crossbow
rCold   . . .      Faith    .   (no shield)
rNeg    . . .      Spirit   .   c - +0 leather armour
rPois   .          Reflect  .   (no helmet)
rElec   .          Harm     .   (no cloak)
rCorr   .          Rampage  .   (no gloves)
Will    .....                   (no boots)
Stlth   +++.......              (no amulet)
HPRegen 0.07/turn               (no ring)
MPRegen 0.08/turn               (no ring)

@: no status effects
A: small, no large weapons, nightstalker 3
a: no special abilities


You were on level 2 of the Dungeon.
You visited 1 branch of the dungeon, and saw 2 of its levels.

You collected 83 gold pieces.

Inventory:

Hand Weapons
 a - a +1 hand crossbow (weapon)
 b - a +0 short sword
Missiles
 d - 18 bolts (quivered ammo)
 f - 28 stones
 h - 30 arrows
 l - 2 boomerangs
Armour
 c - a +0 leather armour (worn)
Scrolls
 i - a scroll of identify {unknown}
 k - a scroll of teleportation {unknown}
Potions
 e - a potion of magic {unknown}
 g - a potion of degeneration {unknown}
 j - a potion of brilliance {unknown}


   Skills:
 - Level 3.0 Fighting
 - Level 5.0 Crossbows
 + Level 3.1 Dodging
 - Level 1.3 Stealth


You had 2 spell levels left.
You didn't know any spells.
Your spell library contained the following spells:

 Spells                   Type           Power      Damage    Failure   Level
 Ensorcelled Hibernation  Hex/Ice        0%         N/A       54%         2
 Sublimation of Blood     Necr           0%         N/A       54%         2
 Call Canine Familiar     Summ           0%         N/A       78%         3
 Portal Projectile        Hex/Tloc       0%         N/A       78%         3
 Spider Form              Tmut/Pois      0%         N/A       78%         3
 Anguish                  Hex/Necr       0%         N/A       99%         4
 Leda's Liquefaction      Hex/Erth       0%         N/A       99%         4
 Petrify                  Tmut/Erth      0%         N/A       99%         4
 Irradiate                Conj/Tmut      0%         3d13      100%        5


Dungeon Overview and Level Annotations

Branches:
Dungeon (2/15)

Altars:

Shops:
D:1 (


Innate Abilities, Weirdness & Mutations

You are small and have problems with some larger weapons.
You are completely attuned to the shadows.


Message History

You add the spells Sublimation of Blood, Petrify and Irradiate to your library.
A gnoll comes into view. It is wielding a +0 flail.
The gnoll shouts!
You hear an angry hiss.
You hear a shout!
The gnoll moves out of view.
The ball python hisses angrily.
You hear a shout!
The ball python bites you. The ball python grabs you.
The ball python constricts you.
You escape the ball python's grasp.
The ball python misses you. The ball python grabs you.
The ball python constricts you. The ball python barely misses you.
The ball python constricts you.
The ball python's grasp on you weakens, but your attempt to escape fails.
The gnoll barely misses you.
The ball python bites you but does no damage.
The ball python constricts you.
You escape the ball python's grasp.
You barely miss the gnoll. The gnoll misses you.
You hit the gnoll.
The gnoll is lightly wounded.
The gnoll barely misses you. The gnoll closely misses you.
Press: ? - help, v - describe, . - travel
Here: a gnoll, wielding a +1 whip of electrocution (lightly wounded)
The floor.
Unknown command.
a - a +1 hand crossbow (weapon)
Fire: 20 bolts
Press: ? - help, Q - select action, (/) - cycle Shift-Dir - straight line, f - gnoll
Aim: a gnoll, wielding a +1 whip of electrocution (lightly wounded, 69% to hit)
You shoot a bolt. The bolt hits the gnoll.
The gnoll is moderately wounded.
The gnoll hits you with a +1 whip of electrocution.
Fire: 19 bolts
Press: ? - help, Q - select action, (/) - cycle Shift-Dir - straight line, f/p - gnoll
Aim: a gnoll, wielding a +1 whip of electrocution (moderately wounded, 69% to hit)
You shoot a bolt. The bolt hits the gnoll!
The gnoll is almost dead.
The gnoll hits you with a +1 whip of electrocution!
You are electrocuted!!
Ouch! That really hurt!
You die... #### gS....

.....## ..#....###
####.# #.....##
####....# ##.#....
#.@gS#### #....†.
####.#### ###.<..
.##### #....#
##.... .....#
##.#### #...#.
#####.####..#
#)#...
#..........##
#.#.## #..........#
#...##
##..........#
#####. #..###
............#
#####...........##.


You could see a gnoll and a ball python.

Vanquished Creatures
  A dart slug (D:1)
  6 ball pythons
  An endoplasm (D:1)
  3 giant cockroaches
  2 goblins
  A hobgoblin (D:2)
  A bat (D:2)
  2 kobolds (D:1)
  3 rats
20 creatures vanquished.

Vanquished Creatures (others)
  A fungus (D:1)
1 creature vanquished.

Grand Total: 21 creatures vanquished

Notes
Turn   | Place    | Note
-------+----------+-------------------------------------------
     0 | D:1      | Host24 the Kobold Hunter began the quest for the Orb.
     0 | D:1      | Reached XP level 1. HP: 12/12 MP: 1/1
    70 | D:1      | Reached skill level 5 in Crossbows
   290 | D:1      | Reached XP level 2. HP: 6/18 MP: 2/2
   601 | D:1      | Found Dopse's Weapon Boutique.
  1051 | D:1      | Found a faded altar of an unknown god.
  1254 | D:2      | Reached XP level 3. HP: 16/23 MP: 3/3
  1543 | D:2      | Mangled by a gnoll

Illustrated notes

Levels and vault maps discovered:
D:1:      minmay_arrival_cross, layout_rooms, serial_shops,
          nicolae_shop_bloodbath_and_beyond, shapermc_ecumenical_altar_acropolis
D:2:      layout_rooms, nrook_loot_triangle

Skill      XL: |  1  2  3 |
---------------+----------+-----
Crossbows      | 5 |  5.0
Fighting       | 3 |  3.0
Dodging        | 3 |  3.1
Stealth        | |  1.3

Action                   || total
-------------------------++-------
Melee: Short sword       ||    79
       Punch             ||     1
 Fire: Hand crossbow     ||     2
 Stab: Sleeping          ||     7
Armor: Leather armour    ||    13
Dodge: Dodged            ||    61
